 Dungeon Crawl Stone Soup version 0.27-a0-333-gfa571bf19a (webtiles) character file.

Game seed: 7807362987239115912

2167 inc the Nimble (level 9, -29/38 HPs)
             Began as a Felid Monk on Feb 12, 2021.
             Was a Priest of Qazlal.
             Annihilated by a boulder beetle (64 damage)
             ... on level 8 of the Dungeon.
             The game lasted 00:14:32 (11696 turns).

inc the Nimble (Felid Monk)                        Turns: 11696, Time: 00:14:32

Health: -29/38     AC:  2    Str:  7    XL:     9   Next: 10%
Magic:  14/14      EV: 31    Int: 11    God:    Qazlal [***...]
Gold:   385        SH:  4    Dex: 22    Spells: 8/8 levels left
                                        Lives:  0   Deaths: 2

rFire    . . .     SeeInvis +     - Unarmed
rCold    . . .     Faith    .   (shield unavailable)
rNeg     . . .     Spirit   .   (armour unavailable)
rPois    .         Reflect  .   (helmet unavailable)
rElec    .         Harm     .   (cloak unavailable)
rCorr    .         Rampage  .   (gloves unavailable)
Will     +....                  (boots unavailable)
Stlth    ++........             p - amulet of magic regeneration
HPRegen  0.12/turn              m - ring of flight
MPRegen  0.39/turn              (no ring)

@: quick
A: very small, no armour, no weapons or thrown items, stealth, claws 1, fangs 3,
see invisible, speed 1, shaggy fur 2, sharp paws
a: Renounce Religion, Evoke Flight, Upheaval, Elemental Force


You were on level 8 of the Dungeon.
You worshipped Qazlal.
Qazlal was most pleased with you.
You visited 1 branch of the dungeon, and saw 8 of its levels.

You collected 385 gold pieces.

Inventory:

Jewellery
 m - a ring of flight (left paw)
 p - an amulet of magic regeneration (around neck)
Wands
 q - a wand of flame (33)
 w - a wand of digging (7)
 A - a wand of acid (6)
 B - a wand of polymorph (9)
 C - a wand of iceblast (5)
 D - a wand of paralysis (9)
Scrolls
 a - 9 scrolls of teleportation
 b - 2 scrolls of magic mapping {unknown}
 c - 3 scrolls of blinking {unknown}
 e - 6 scrolls of identify
 h - 4 scrolls of noise {unknown}
 k - a scroll of fear {unknown}
 o - a scroll of torment {unknown}
 r - a scroll of amnesia {unknown}
 t - a scroll of summoning {unknown}
 v - a scroll of random uselessness {unknown}
 x - a scroll of enchant weapon {unknown}
 y - 2 scrolls of fog {unknown}
 E - a scroll of silence {unknown}
Potions
 d - a potion of haste
 f - a potion of brilliance
 g - a potion of magic
 i - 2 potions of invisibility
 j - a potion of resistance {unknown}
 l - 5 potions of might {unknown}
 n - a potion of berserk rage {unknown}
 s - 4 potions of curing {unknown}
 u - 2 potions of lignification {unknown}
 z - a potion of degeneration {unknown}


   Skills:
 + Level 3.3 Fighting
 + Level 11.7 Dodging
 - Level 2.6 Stealth
 + Level 8.1 Unarmed Combat
 - Level 6.2 Invocations


You had 8 spell levels left.
You didn't know any spells.
Your spell library contained the following spells:

 Spells                   Type           Power        Failure   Level
 Magic Dart               Conj           0%           34%         1
 Blink                    Tloc           N/A          47%         2
 Call Imp                 Summ           0%           47%         2
 Slow                     Hex            0%           47%         2
 Conjure Flame            Conj/Fire      0%           71%         3
 Mephitic Cloud           Conj/Pois/Air  0%           71%         3


Dungeon Overview and Level Annotations

Branches:
Dungeon (8/15)
 Temple: D:4-7         Lair: D:8-11

Altars:
Dithmenos
Elyvilon
Kikubaaqudgha
Makhleb
Qazlal
Uskayaw
Wu Jian
Yredelemnul
The Shining One


Innate Abilities, Weirdness & Mutations

You cannot wear armour.
You are incapable of wielding weapons or throwing items.
Your paws allow you to move quietly. (Stealth)
You have sharp claws.
You have razor-sharp teeth.
You have supernaturally acute eyesight. (SInv)
You cover ground quickly.
You are covered in thick fur. (AC +2)
Your sharp claws are effective at attacking unaware monsters.


Message History

You barely miss the orc. The orc closely misses you.
You scratch the orc.
The orc is moderately wounded.
You block the orc's attack.
You claw the orc!
You kill the orc!
Qazlal accepts your kill.
No target in view!
A jelly comes into view.
A jelly is nearby!
The jelly misses you.
A boulder beetle comes into view.
You claw the jelly! The acid corrodes you!
Your paws burn!
The jelly is severely wounded.
The jelly misses you.
You claw the jelly!
You kill the jelly!
Qazlal accepts your kill.
A boulder beetle is nearby!
A boulder beetle is nearby!
A boulder beetle is nearby!
The boulder beetle curls into a ball and begins rolling!
Things that are here:
a +0 club; a +0 leather armour You barely miss the boulder beetle.
You bite the boulder beetle, but do no damage.
You block the boulder beetle's attack.
The boulder beetle stops rolling and uncurls.
You scratch the boulder beetle but do no damage.
The boulder beetle misses you.
You scratch the boulder beetle but do no damage.
The boulder beetle barely misses you.
You scratch the boulder beetle but do no damage.
The boulder beetle leaps!
You are no longer corroded.
The boulder beetle curls into a ball and begins rolling!
The boulder beetle is engulfed in blazing flames.
The boulder beetle hits you!!!
Ouch! That really hurt!
You die...

#.###.
#.$..##....##.#.##
....###.....#.#####...##
#..##.....#.# ######
#.........#.# #
####..#°....#.# #
#.<...#.°...#.#
.......#))..§..#†#
...#.#.#.).B...#)#
.....#.#..@....).# ...#
#...))####### ...
##.....# .. ......>.#
##......# ....$...#
####.....# #.....#
######


You could see a boulder beetle.

Vanquished Creatures
  Prince Ribbit (D:5)
  A sky beast (D:5)
  A hornet zombie (D:5)
  A black bear (D:6)
  An ice beast (D:6)
  5 ogres
  2 centaurs (D:7)
  A phantom (D:7)
  2 elf zombies (D:4)
  2 bullfrogs (D:8)
  3 scorpions
  3 wights (D:8)
  3 howler monkeys
  2 hounds
  2 jellies
  Crazy Yiuf (D:4)
  A bullfrog skeleton (D:7)
  An iguana (D:5)
  2 orc priests
  Jessica (D:3)
  2 human skeletons (D:4)
  3 orc wizards
  Natasha (twice) (D:3)
  4 worker ants
  A worker ant zombie (D:7)
  14 gnolls
  17 adders
  A shadow imp (D:6)
  A white imp (D:5)
  3 oozes
  An adder zombie (D:5)
  An adder skeleton (D:4)
  4 worms
  3 dart slugs
  4 leopard geckos
  19 orcs
  A ball python (D:4)
  7 bats
  4 giant cockroaches
  10 goblins
  5 hobgoblins
  3 jackals (D:1)
  5 quokkas
  9 frilled lizards
  A jackal skeleton (D:4)
  3 kobolds
  2 orc zombies (D:4)
  2 quokka skeletons
  6 rats
174 creatures vanquished.

Vanquished Creatures (others)
  A human (D:6)
1 creature vanquished.

Grand Total: 175 creatures vanquished

Notes
Turn   | Place    | Note
-------+----------+-------------------------------------------
     0 | D:1      | inc the Felid Monk began the quest for the Orb.
     0 | D:1      | Reached XP level 1. HP: 10/10 MP: 2/2
   226 | D:1      | Reached XP level 2. HP: 14/14 MP: 3/3
   296 | D:1      | Reached skill level 5 in Dodging
   556 | D:1      | Reached XP level 3. HP: 17/17 MP: 4/4
   868 | D:2      | Reached skill level 6 in Dodging
  1360 | D:2      | Reached XP level 4. HP: 14/21 MP: 5/5
  1653 | D:2      | Found a hide-covered altar of Uskayaw.
  1655 | D:2      | Found an ornate altar of the Wu Jian Council.
  1716 | D:3      | Found a basalt altar of Yredelemnul.
  1717 | D:3      | Found a stormy altar of Qazlal.
  1717 | D:3      | Found a white marble altar of Elyvilon.
  1728 | D:3      | Became a worshipper of Qazlal Stormbringer
  1728 | D:3      | Reached * piety under Qazlal
  1728 | D:3      | Reached ** piety under Qazlal
  2189 | D:3      | Reached skill level 7 in Dodging
  2219 | D:3      | Noticed Jessica
  2590 | D:3      | Killed Jessica
  2591 | D:3      | Reached skill level 1 in Invocations
  2750 | D:2      | Reached XP level 5. HP: 19/24 MP: 7/7
  2862 | D:3      | Killed from afar by an orc priest
  2863 | D:3      | Reached XP level 4. HP: -1/21 MP: 3/6
  2923 | D:3      | Noticed Natasha
  2939 | D:3      | Killed Natasha
  3459 | D:3      | Reached XP level 5. HP: 24/24 MP: 8/8
  3631 | D:3      | Found a shadowy altar of Dithmenos.
  3738 | D:3      | Noticed Natasha
  3751 | D:3      | Killed Natasha
  4289 | D:4      | Noticed an ogre
  4302 | D:4      | HP: 1/24 [ogre/+0 giant club (23)]
  4313 | D:5      | Entered Level 5 of the Dungeon
  4313 | D:5      | Noticed an ogre
  4320 | D:5      | Killed an ogre
  4321 | D:5      | Gained mutation: You are covered in thick fur. (AC +2)
                  | [Felid growth]
  4321 | D:5      | Reached XP level 6. HP: 2/28 MP: 5/10
  4616 | D:4      | Reached skill level 5 in Invocations
  4717 | D:4      | Reached XP level 7. HP: 26/31 MP: 4/12
  5839 | D:4      | Found a runed translucent door.
  5840 | D:4      | Noticed Crazy Yiuf
  6683 | D:4      | Killed Crazy Yiuf
  6833 | D:5      | Reached skill level 8 in Dodging
  6986 | D:5      | Noticed Prince Ribbit
  7065 | D:5      | Killed Prince Ribbit
  7066 | D:5      | Reached XP level 8. HP: 13/34 MP: 4/13
  7282 | D:5      | Found a burning altar of Makhleb.
  7345 | D:5      | Reached skill level 5 in Unarmed Combat
  7552 | D:5      | Reached skill level 9 in Dodging
  8333 | D:5      | Mangled by a hornet zombie
  8334 | D:5      | Reached XP level 7. HP: -10/31 MP: 12/12
  8954 | D:5      | Reached skill level 10 in Dodging
  9234 | D:6      | Reached XP level 8. HP: 34/34 MP: 13/13
  9723 | D:6      | Found a glowing golden altar of the Shining One.
 10045 | D:6      | Found an ancient bone altar of Kikubaaqudgha.
 10060 | D:6      | You fall into a shaft and drop 1 floor!
 10425 | D:7      | Reached skill level 11 in Dodging
 10560 | D:7      | Reached *** piety under Qazlal
 11582 | D:8      | Reached XP level 9. HP: 30/37 MP: 14/14
 11673 | D:8      | Noticed a boulder beetle
 11696 | D:8      | Annihilated by a boulder beetle

Illustrated notes

Levels and vault maps discovered:
D:1:      amcnicky_arrival_blooded_trapdoor, layout_basic,
          chequers_serial_rivers_micro_e
D:2:      layout_basic, nicolae_overflow_hidden_temple
D:3:      layout_basic, nicolae_dithmenos_through_a_glass_darkly,
          chequers_temple_overflow_statue_of_worship, kennysheep_jessica_study,
          uniq_natasha
D:4:      layout_layer_cave, nicolae_ossuary_entry_catacombs, minivault_5,
          minivault_24, kennysheep_cross_bottleneck, uniq_crazy_yiuf_cottage
D:5:      minmay_recursive_quarters, layout_cave_pods, lemuel_crystal_altar,
          mrwooster_statue_mirror, uniq_prince_ribbit1
D:6:      layout_basic, tso_oasis_becter, minmay_temple_entry_drinking_statues,
          tgw_kikubaaqudgha
D:7:      layout_loops_ring
D:8:      layout_basic, lemuel_angel_altar

Skill      XL: |  1  2  3  4  5  6  7  8 |
---------------+-------------------------+-----
Dodging        | 5 6 7 10 11 | 11.7
Invocations    | 3 4 6 |  6.2
Unarmed Combat | 6 8 |  8.1
Fighting       | |  3.3
Stealth        | |  2.6

Action                   |  1- 3 |  4- 6 |  7- 9 || total
-------------------------+-------+-------+-------++-------
Melee: Unarmed           |    97 |   183 |   498 ||   778
       Bite              |    10 |    17 |    57 ||    84
       Punch             |     1 |       |    17 ||    18
Invok: Upheaval          |       |     7 |     3 ||    10
  Use: Scroll            |       |     6 |       ||     6
       Potion            |       |     1 |     1 ||     2
 Stab: Sleeping          |     6 |       |       ||     6
Armor: Skin              |     3 |     9 |     9 ||    21
Dodge: Dodged            |    88 |   275 |   414 ||   777
Block: Other             |       |    27 |    33 ||    60

Table legend: (Time is in decaauts)
 A = Elapsed time spent in this place.
 B = Non-inter-level travel time spent in this place.
 C = Inter-level travel time spent in this place.
 D = Time resting spent in this place.
 E = Time spent auto-exploring this place.
 F = Levels seen in this place.
 G = Mean time per level.
                   A        B        C        D        E       F      G
               +--------+--------+--------+--------+--------+-----+--------+
         Total |  10486 |  10254 |    232 |   3004 |   5546 |   8 | 1310.8 |
       Dungeon |  10486 |  10254 |    232 |   3004 |   5546 |   8 | 1310.8 |
               +--------+--------+--------+--------+--------+-----+--------+

Top non-repeatable levels by time:
     D:5: 2491 daAuts
     D:4: 2053 daAuts
     D:3: 1604 daAuts
     D:2: 1587 daAuts
     D:7: 1251 daAuts
     D:1: 661 daAuts
     D:6: 633 daAuts
     D:8: 203 daAuts
